 Dungeon Crawl Stone Soup version 0.24-a0-91-g4e4936a (webtiles) character file.

Game seed: 5003463265977932473

118 Ereth the Shield-Bearer (level 4, -1/44 HPs)
             Began as a Troll Fighter on Feb 8, 2019.
             Was an Initiate of Makhleb.
             Killed from afar by an orc wizard (6 damage)
             ... with a magic dart
             ... on level 3 of the Dungeon.
             The game lasted 00:06:15 (1483 turns).

Ereth the Shield-Bearer (Troll Fighter)             Turns: 1483, Time: 00:06:15

Health: -1/44      AC:  6    Str: 25    XL:     4   Next: 72%
Magic:  3/3        EV: 23    Int:  4    God:    Makhleb [......]
Gold:   143        SH:  9    Dex:  9    Spells: 3/3 levels left

rFire    + . .     SeeInvis .   a - +0 flail
rCold    x . .     Gourm    +   c - +0 shield
rNeg     . . .     Faith    .   b - +0 robe
rPois    .         Spirit   .   (helmet restricted)
rElec    .         Reflect  .   (no cloak)
rCorr    .         Harm     .   (gloves unavailable)
MR       .....                  (boots unavailable)
Stlth    +.........             e - amulet of the acrobat
HPRegen  0.54/turn              i - ring of fire
MPRegen  0.08/turn              (no ring)

@: acrobat
A: large, unfitting armour, claws 3, fast metabolism 3, gourmand, regeneration
1, shaggy fur 1, tough skin 3
a: Renounce Religion


You were on level 3 of the Dungeon.
You worshipped Makhleb.
Makhleb was noncommittal.
You were very full.

You visited 1 branch of the dungeon, and saw 3 of its levels.

You collected 143 gold pieces.

Inventory:

Hand Weapons
 a - a +0 flail (weapon)
Armour
 b - a +0 robe (worn)
 c - a +0 shield (worn)
Jewellery
 e - an amulet of the acrobat (around neck)
 i - a ring of fire (left claw)
Wands
 o - a wand of random effects (22)
Potions
 d - a potion of might
 h - a potion of invisibility {unknown}
 k - a potion of agility {unknown}
 l - 2 potions of curing {unknown}
Comestibles
 f - 6 rations
 j - 2 chunks of flesh


   Skills:
 + Level 2.9 Fighting
 + Level 2.8 Maces & Flails
 + Level 2.9 Dodging
 + Level 0.4 Stealth
 + Level 3.1 Shields


You had 3 spell levels left.
You didn't know any spells.
Your spell library was empty.

Dungeon Overview and Level Annotations

Branches:
Dungeon (3/15)

Altars:
Ashenzari
Makhleb


Innate Abilities, Weirdness & Mutations

You are too large for most types of armour.
You have claws for hands.
Your metabolism is lightning-fast.
You like to eat raw meat.
Your natural rate of healing is unusually fast.
You are covered in fur. (AC +1)
You have extremely tough skin. (AC +3)


Message History

The orc wizard completely misses you. You block the orc's attack.
The hobgoblin hits you.
* * * LOW HITPOINT WARNING * * *
The orc wizard miscasts a cantrip.
The orc hits you with a +0 club.
* * * LOW HITPOINT WARNING * * *
You hit the orc wizard.
The orc wizard is almost dead.
You block the orc wizard's attack.
The hobgoblin hits you but does no damage.
The orc wizard hits you with a +0 dagger.
* * * LOW HITPOINT WARNING * * *
The orc hits you with a +0 club.
* * * LOW HITPOINT WARNING * * *
You block the hobgoblin's attack. You block the orc's attack.
You block the orc wizard's attack.
The hobgoblin hits you but does no damage.
The orc wizard points at you and mumbles some strange words.
The magic dart hits you.
You die...

............#.#..#
........#......... ..#.
........#...............
........................
........................
........................
............##..##.#..#
..#.#..............#..# .#
................@.....##.#
..#.##...................#.
..#............goo.........
............................ ###
...............................#
..........#.##..##....####.#....
...............................
... ....................##.....
.# #................#....#


You could see an orc wizard, an orc and a hobgoblin.

Vanquished Creatures
  Terence (D:2)
  A worker ant (D:2)
  An adder (D:2)
  2 oozes
  A worm (D:2)
  A dart slug (D:2)
  5 orcs (D:3)
  2 ball pythons
  6 bats
  4 giant cockroaches
  3 goblins
  6 hobgoblins
  3 frilled lizards
  4 kobolds
  5 rats
45 creatures vanquished.

Notes
Turn   | Place    | Note
-------+----------+-------------------------------------------
     0 | D:1      | Ereth the Troll Fighter began the quest for the Orb.
     0 | D:1      | Reached XP level 1. HP: 22/22 MP: 0/0
   113 | D:1      | Reached XP level 2. HP: 29/29 MP: 1/1
   705 | D:2      | Reached XP level 3. HP: 34/36 MP: 2/2
   805 | D:2      | Found a shattered altar of Ashenzari.
   815 | D:2      | Noticed Terence
   831 | D:2      | Killed Terence
   991 | D:2      | Reached XP level 4. HP: 44/44 MP: 3/3
   995 | D:2      | Reached skill level 3 in Shields
  1212 | D:2      | Found a burning altar of Makhleb.
  1214 | D:2      | Noticed an Executioner
  1218 | D:2      | Noticed an orange demon
  1218 | D:2      | Noticed a hellwing
  1220 | D:2      | Became a worshipper of Makhleb the Destroyer
  1483 | D:3      | Killed from afar by an orc wizard

Levels and vault maps discovered:
D:1:      dpeg_arrival_rhombi, layout_basic, serial_curves, eino_curves_03,
          eino_curves_03, minmay_misc_feat_chi
D:2:      layout_rooms, lemuel_doored_altar, first_ration, serial_park_tiny_1,
          makhleb_altar_promises_db, uniq_terence
D:3:      layout_basic

Skill      XL: |  1  2  3  4 |
---------------+-------------+-----
Maces & Flails | 2 |  2.8
Shields        | 3 |  3.1
Fighting       | |  2.9
Dodging        | |  2.9
Stealth        | |  0.4

Action                   |  1- 3 |  4- 6 || total
-------------------------+-------+-------++-------
Melee: Flail             |   116 |    89 ||   205
  Use: Scroll            |       |     4 ||     4
       Potion            |       |     1 ||     1
 Stab: Distracted        |     1 |       ||     1
       Sleeping          |     1 |       ||     1
  Eat: Chunk             |    15 |     4 ||    19
Armor: Robe              |    52 |    47 ||    99
Dodge: Dodged            |    48 |    38 ||    86
Block: Shield            |    52 |    72 ||   124

Table legend:
 A = Non-vault XP
 B = Vault XP
 C = Vault XP percentage of total XP
 D = Non-vault monster count
 E = Vault monster count
 F = Vault count percentage of total count
                 A         B        C        D         E       F
            +---------+---------+-------+---------+---------+-------
      Total |     133 |      36 |  21.3 |      44 |       1 |   2.2
            +---------+---------+-------+---------+---------+-------
        D:1 |      34 |       0 |   0.0 |      18 |       0 |   0.0
        D:2 |      72 |      36 |  33.3 |      15 |       1 |   6.2
        D:3 |      27 |       0 |   0.0 |      11 |       0 |   0.0
            +---------+---------+-------+---------+---------+-------
